 Dungeon Crawl Stone Soup version 0.28-a0-384-g9e0c098162 (webtiles) character file.

Game seed: 3659582041635530566

85 robertstho the Magician (level 4, -9/48 HPs)
             Began as a Djinni Fire Elementalist on Sept 2, 2021.
             Killed by divine providence
             ... invoked by an orc priest
              (13 damage)
             ... on level 3 of the Dungeon.
             The game lasted 00:05:21 (4660 turns).

robertstho the Magician (Djinni Fire Elementalist)  Turns: 4660, Time: 00:05:23

Health: -9/48      AC: 22    Str:  7    XL:     4   Next: 75%
Gold:   83         EV:  2    Int: 18    God:
                   SH:  0    Dex: 13

rFire   . . .      SeeInvis .   d - +4 dagger
rCold   . . .      Faith    .   (no shield)
rNeg    + + +      Spirit   .   (armour currently unavailable)
rPois   ∞          Reflect  .   (helmet currently unavailable)
rElec   .          Harm     .   (cloak currently unavailable)
rCorr   .          Rampage  .   (gloves currently unavailable)
Will    .....      NoTele   +   (boots unavailable)
Stlth   ++........              (no amulet)
HPRegen 0.16/turn               (no ring)
MPRegen 0.00/turn               (no ring)

@: tree-form
A: stationary, stasis, torment immunity, boosted hp, sickness immunity, (fire
resistance 2), (cold vulnerability 1), float, innate caster, hp casting, extra
vitality 1
a: no special abilities


You were on level 3 of the Dungeon.
You were a tree.
You visited 1 branch of the dungeon, and saw 3 of its levels.

You collected 83 gold pieces.

Inventory:

Hand Weapons
 c - a +0 short sword
 d - a +4 dagger (weapon)
Armour
 a - a +0 robe (melded)
 f - a +0 pair of gloves (melded)
Jewellery
 n - a +6 ring of intelligence
Scrolls
 b - 5 scrolls of identify
 e - a scroll of immolation
Potions
 h - a potion of brilliance {unknown}
 i - a potion of curing {unknown}
 k - a potion of lignification
 l - a potion of haste {unknown}


   Skills:
 * Level 1.3 Fighting
 + Level 2.1 Dodging
 + Level 1.7 Stealth
 * Level 3.7 Spellcasting


You couldn't memorise any spells.
You knew the following spells:

 Your Spells              Type           Power      Damage    Failure   Level
a - Foxfire               Conj/Fire      64%        2x1d7     3%          1
b - Scorch                Fire           32%        2d6       4%          2
c - Conjure Flame         Conj/Fire      16%        6-21      10%         3
d - Inner Flame           Hex/Fire       16%        N/A       10%         3
e - Sticky Flame          Conj/Fire      16%        2d4       32%         4
f - Fireball              Conj/Fire      8%         3d6       67%         5
g - Beastly Appendage     Tmut           32%        N/A       3%          1
Your spell library was empty.

Dungeon Overview and Level Annotations

Branches:
Dungeon (3/15)

Altars:
Ashenzari


Innate Abilities, Weirdness & Mutations

You are a tree.
Your roots penetrate the ground, keeping you stationary.
You cannot be teleported.
You are immune to unholy pain and torment.
Your maximum health is greatly increased.
Your equipment is partially melded.
You are immune to sickness and miasma.
You are immune to poison.
((Your flesh is very heat resistant. (rF++)))
((You are vulnerable to cold. (rC-)))
You float through the air rather than walking.
You learn spells naturally, not from books.
Your magical power is your life essence.
You have superior vitality. (+4 HP)


Message History

The foxfire hits the orc wizard.
The orc wizard is moderately wounded.
Casting: Foxfire (safe; 3% risk of failure)
Press: ? - help, Q - select action, (/) - cycle Dir - look around, f - activate You conjure some foxfire!
The orc priest calls down the wrath of Beogh upon you.
Beogh smites you!
* * * LOW HITPOINT WARNING * * *
The orc wizard mumbles some strange words.
The orc wizard flickers and vanishes!
Deactivating autopickup; reactivate with Ctrl-A.
Unknown command.
Your foxfire dissipates!
The foxfire hits something.
The foxfire hits something.
A magic dart appears from out of thin air!
The magic dart hits you.
* * * LOW HITPOINT WARNING * * *
Things that are here:
a +0 dagger; a stone
As you read the scroll labelled PIVIUVV INOIBE, it crumbles to dust.
It is a scroll of enchant weapon.
Your +3 dagger glows red for a moment.
As you read the scroll labelled WOMUTH VOKOROD, it crumbles to dust.
You feel aware of your surroundings.
You sensed 3 altars.
It was a scroll of magic mapping.
The orc priest invokes the aid of Beogh against you.
Something writhes in agony.
The orc priest looks braver for a moment.
As you read the scroll labelled MUKENA PANERU, it crumbles to dust.
You feel strangely unstable.
It was a scroll of teleportation.
Something hits you.
* * * LOW HITPOINT WARNING * * *
It was a potion of lignification.
You turn into a tree.
Your +0 pair of gloves melds into your body.
Your +0 robe melds into your body.
Your roots penetrate the ground.
You feel strangely stable.
The orc priest calls down the wrath of Beogh upon you.
Beogh smites you!
You die...

*,,,,##.####.## *,,,,,*
*,,**.........** ***,,,,,***
*,,**.........,***..,,8,,,,** #
*,,,,.....#..###....,,*,,,,,, #
**,**.##..(.oo.oooo.8***8,,,, #
*,,,........##*,,,,,,*,,,,,, #
****.##....o.#***,,,,8,,,,**
####### *.###.#...# ***,,,,,####
......# *.......♣.# *,,,,,#...
.####.# *.........# **,,,##.##
.#....# *#######.## *,,,#..##
.#.##.# #...# **,*#.... .....<#
#...# *_*#.#.# ##.#### #...#
***#.#.# ##.###### #####...#####
#####....
........###......)....###.#......
......#.................#..###...


You could see 2 orc priests and an orc.

Vanquished Creatures
  4 worms
  4 dart slugs
  An orc (D:3)
  6 ball pythons
  6 endoplasms
  2 giant cockroaches (D:1)
  4 goblins
  6 hobgoblins
  4 jackals (D:1)
  4 quokkas
  4 bats
  4 frilled lizards
  8 kobolds
  5 rats
62 creatures vanquished.

Vanquished Creatures (others)
  313 foxfires
  A fungus (D:1)
314 creatures vanquished.

Grand Total: 376 creatures vanquished

Notes
Turn   | Place    | Note
-------+----------+-------------------------------------------
     0 | D:1      | robertstho the Djinni Fire Elementalist began the quest for
                  | the Orb.
     0 | D:1      | Reached XP level 1. HP: 15/15 MP: 0/0
   354 | D:1      | Reached XP level 2. HP: 14/21 MP: 0/0
   838 | D:1      | Found a faded altar of an unknown god.
  1094 | D:1      | Reached skill level 3 in Spellcasting
  1202 | D:1      | Reached XP level 3. HP: 23/26 MP: 0/0
  1202 | D:1      | Learned a level 1 spell: Beastly Appendage
  1432 | D:1      | Reached skill level 1 in Fighting
  2759 | D:2      | Reached XP level 4. HP: 27/32 MP: 0/0
  3935 | D:3      | Found a broken altar of Ashenzari.
  4660 | D:3      | Killed from afar by an orc priest

Illustrated notes

Levels and vault maps discovered:
D:1:      dpeg_arrival_more_subterranean_lakeside_camping, layout_basic,
          shapermc_ecumenical_altar_rom_forum
D:2:      layout_basic
D:3:      layout_loops_cross, minmay_overflow_temple_star_quad,
          mainiacjoe_overflow_catwalk

Skill      XL: |  1  2  3 |
---------------+----------+-----
Spellcasting   | 3 |  3.7
Fighting       | 1 |  1.3
Dodging        | |  2.1
Stealth        | |  1.7

Action                   |  1- 3 |  4- 6 || total
-------------------------+-------+-------++-------
Melee: Short sword       |     1 |       ||     1
       Dagger            |     5 |     4 ||     9
 Cast: Foxfire           |   114 |    81 ||   195
  Use: Scroll            |     1 |     3 ||     4
       Potion            |       |     1 ||     1
Armor: Robe              |     3 |     3 ||     6
Dodge: Dodged            |    21 |    10 ||    31

Table legend: (Time is in decaauts)
 A = Elapsed time spent in this place.
 B = Non-inter-level travel time spent in this place.
 C = Inter-level travel time spent in this place.
 D = Time resting spent in this place.
 E = Time spent auto-exploring this place.
 F = Levels seen in this place.
 G = Mean time per level.
                   A        B        C        D        E       F      G
               +--------+--------+--------+--------+--------+-----+--------+
         Total |   4659 |   4591 |     68 |    462 |   3630 |   3 | 1553.0 |
       Dungeon |   4659 |   4591 |     68 |    462 |   3630 |   3 | 1553.0 |
               +--------+--------+--------+--------+--------+-----+--------+

Top non-repeatable levels by time:
     D:1: 2264 daAuts
     D:2: 1591 daAuts
     D:3: 803 daAuts
